 Dungeon Crawl Stone Soup version 0.21.1-1-g345015f (webtiles) character file.

65 theblackcape the Skirmisher (level 3, -6/30 HPs)
             Began as a Demonspawn Abyssal Knight on June 4, 2018.
             Was a Follower of Fedhas.
             Mangled by a small abomination (20 damage)
             ... created by the touch of Lugonu
             ... on level 2 of the Dungeon.
             The game lasted 00:10:27 (1561 turns).

theblackcape the Skirmisher (DsAK)                  Turns: 1561, Time: 00:10:27

Health: -6/30      AC:  3    Str: 12    XL:     3   Next: 92%
Magic:  5/5        EV: 16    Int: 13    God:    Fedhas [*.....]
Gold:   55         SH:  0    Dex: 13    Spells: 2/2 levels left

rFire    . . .     SeeInvis .   a - +1 spear
rCold    . . .     Gourm    .   (no shield)
rNeg     . . .     Faith    .   b - +0 leather armour
rPois    +         Spirit   .   (no helmet)
rElec    .         Reflect  .   (no cloak)
rCorr    .         Harm     .   (no gloves)
MR       .....                  (no boots)
Stlth    ..........             (no amulet)
HPRegen  0.10/turn              e - ring of poison resistance
MPRegen  0.09/turn              j - +5 ring of evasion

@: confused
A: hooves 1
a: Fungal Bloom, Evolution, Renounce Religion


You were on level 2 of the Dungeon.
You worshipped Fedhas.
Fedhas was aware of your devotion.
You were not hungry.

You visited 1 branch of the dungeon, and saw 2 of its levels.
You visited the Abyss 1 time.

You collected 55 gold pieces.

Inventory:

Hand Weapons
 a - a +1 spear (weapon)
Armour
 b - a +0 leather armour (worn)
Jewellery
 e - a ring of poison resistance (left hand)
 j - a +5 ring of evasion (right hand)
Scrolls
 f - a scroll of fog {unknown}
 i - 3 scrolls of identify {unknown}
 k - a scroll of amnesia {unknown}
 l - a scroll of teleportation {unknown}
Potions
 d - a potion of haste {unknown}
 g - 3 potions of heal wounds {unknown}
 m - a potion of lignification {unknown}
 n - a potion of invisibility {unknown}
 o - a potion of might {unknown}
 p - a potion of agility {unknown}
Comestibles
 c - 2 rations
 h - 2 chunks of flesh


   Skills:
 + Level 3.8 Fighting
 + Level 2.4 Polearms
 + Level 2.4 Armour
 + Level 1.0 Dodging
 + Level 0.1 Stealth
 + Level 2.7 Invocations


You had 2 spell levels left.
You didn't know any spells.

Dungeon Overview and Level Annotations

Branches:
Dungeon (2/15)

Altars:
Fedhas


Innate Abilities, Weirdness & Mutations

You have large cloven feet.


Message History

A kobold is nearby!
You hit the kobold.
You kill the kobold!
You see here a whip.
Lugonu's wrath finds you! Space warps crazily around you!
Your surroundings suddenly seem different.
You are confused.
Lugonu sends minions to punish you.
Found 25 gold pieces and a leather armour.
Found a stone staircase leading down.
A quokka and a small abomination come into view.
The quokka closely misses you.
Found a ring mail.
You bump into the rock wall.
The quokka closely misses you.
You hit the small abomination but do no damage.
The quokka misses you. The small abomination hits you!!
Ouch! That really hurt!
You die...
Fedhas appreciates your contribution to the ecosystem.

##### ###
...... $.#
###...##>#
#......[$#
........x#
#......r@#
###...####
#... ##[
#. #


You could see a small abomination and a quokka.

Vanquished Creatures
  2 adders (D:2)
  A dart slug (D:1)
  A ball python (D:1)
  5 bats
  4 giant cockroaches
  3 goblins (D:1)
  9 hobgoblins
  7 kobolds
  2 quokkas (D:2)
  6 frilled lizards (D:1)
  2 rats
42 creatures vanquished.

Notes
Turn   | Place    | Note
-------+----------+-------------------------------------------
     0 | Abyss:1  | theblackcape the Demonspawn Abyssal Knight began the quest for the Orb.
     0 | Abyss:1  | Reached XP level 1. HP: 18/18 MP: 2/2
    66 | Abyss:1  | Noticed a quicksilver dragon skeleton
    67 | D:1      | Escaped the Abyss
   142 | D:1      | Reached * piety under Lugonu
   305 | D:1      | Gained mutation: You have large cloven feet. [demonic ancestry]
   305 | D:1      | Reached XP level 2. HP: 7/24 MP: 3/3
   595 | D:1      | Reached skill level 1 in Dodging
   935 | D:1      | Reached XP level 3. HP: 28/29 MP: 5/5
  1302 | D:2      | Reached ** piety under Lugonu
  1520 | D:2      | Found a faded altar of an unknown god.
  1529 | D:2      | Fell from the grace of Lugonu
  1529 | D:2      | Became a worshipper of Fedhas Madash
  1529 | D:2      | Reached * piety under Fedhas
  1558 | D:2      | Noticed a small abomination
  1561 | D:2      | Mangled by a small abomination

Skill      XL: |  1  2 |
---------------+-------+-----
Dodging        | 1 |  1.0
Polearms       | 2 |  2.4
Armour         | 2 |  2.4
Fighting       | |  3.8
Stealth        | |  0.1
Invocations    | |  2.7

Action                   || total
-------------------------++-------
Melee: Spear             ||   131
       Kick              ||    14
Invok: Depart the Abyss  ||     1
  Eat: Chunk             ||     2
Armor: Leather armour    ||    20
Dodge: Dodged            ||    77
